 Dungeon Crawl Stone Soup version 0.25-a0-1078-gea6e5d949a (webtiles) character file.

Game seed: 1874234316503268854, levelgen mode: deterministic

12051 Maedhros the Martial Artist (level 11, -23/75 HPs)
             Began as an Octopode Artificer on May 15, 2020.
             Was an Elder of Cheibriados.
             Annihilated by a minotaur
             ... wielding the +8 halberd of Exquisite Death {drain, *Corrode rN+ Int+4}
              (29 damage)
             ... in a Gauntlet.
             The game lasted 00:48:28 (5088 turns).

Maedhros the Martial Artist (Octopode Artificer)    Turns: 5088, Time: 00:48:29

Health: -23/75     AC:  6    Str: 21    XL:     11   Next: 87%
Magic:  9/24       EV: 39    Int: 26    God:    Cheibriados [****..]
Gold:   531        SH:  0    Dex: 30    Spells: 4/16 levels left

rFire    . . .     SeeInvis .   p - +3 halberd (freeze)
rCold    . . .     Gourm    .   (shield currently unavailable)
rNeg     . . .     Faith    .   (helmet restricted)
rPois    +         Spirit   .   D - amulet "Narufish" {Acrobat MP+9 Int+3}
rElec    .         Reflect  .   l - +6 ring of dexterity
rCorr    .         Harm     .   c - ring "Urrus" {rPois AC+4 Stlth+}
MR       .....     NoTele   +   (no ring)
Stlth    ++++++....             (no ring)
HPRegen  0.22/turn              (no ring)
MPRegen  0.19/turn              (no ring)
                                (no ring)
                                (no ring)

@: acrobat, very slightly contaminated, very slow
A: almost no armour, stealthy swim, amphibious, 8 rings, constrict 8, tentacle
spike 1, camouflage 1, sense surroundings 1, shaggy fur 1, gelatinous body 1
a: Bend Time, Temporal Distortion, Slouch, Renounce Religion


You were in a Gauntlet.
You worshipped Cheibriados.
Cheibriados was greatly pleased with you.
You were hungry.

You visited 2 branches of the dungeon, and saw 12 of its levels.
You visited the Abyss 1 time.
You also visited: Gauntlet.

You collected 587 gold pieces.
You spent 56 gold pieces at shops.

Inventory:

Hand Weapons
 p - a +3 halberd of freezing (weapon)
 t - a +3 scimitar
 u - a +3 vorpal hunting sling
 v - a +3 antimagic quarterstaff
Missiles
 b - 3 boomerangs of dispersal
 i - 63 poisoned darts (quivered)
 o - 219 stones
 w - 76 sling bullets
Magical Staves
 q - an uncursed staff of wizardry {unknown}
 A - an uncursed staff of summoning {unknown}
Jewellery
 c - the ring "Urrus" (right tentacle) {rPois AC+4 Stlth+}
   (You found it in a Gauntlet)

   [ring of protection]

   It affects your AC (+4).
   It protects you from poison.
   It makes you more stealthy.
 d - an uncursed amulet of guardian spirit {unknown}
 e - an uncursed amulet of regeneration
 l - a +6 ring of dexterity (left tentacle)
 B - an uncursed amulet of faith {unknown}
 D - the amulet "Narufish" (around mantle) {Acrobat MP+9 Int+3}
   (You found it on level 4 of the Dungeon)

   [amulet of the acrobat]

   It helps you evade while moving and waiting.
   It affects your intelligence (+3).
   It affects your magic capacity (+9).
Wands
 h - a wand of digging (10)
 C - a wand of clouds (1)
Scrolls
 j - 2 scrolls of enchant armour {unknown}
 m - 5 scrolls of remove curse
 x - a scroll of teleportation
 y - 2 scrolls of blinking {unknown}
Potions
 a - a potion of might
 s - 2 potions of flight
Miscellaneous
 r - a box of beasts
Comestibles
 f - 11 rations


   Skills:
 - Level 7.5 Fighting
   Level 1.0 Short Blades
 + Level 9.6 Dodging
 - Level 4.0 Stealth
 - Level 10.0 Unarmed Combat
 - Level 3.0 Spellcasting
 - Level 3.3 Conjurations
 - Level 3.4 Summonings
 + Level 0.0 Transmutations
 - Level 3.4 Air Magic
 * Level 3.9 Poison Magic
 - Level 6.0 Invocations
 - Level 3.2 Evocations


You had 4 spell levels left.
You knew the following spells:

 Your Spells              Type           Power        Failure   Level  Hunger
a - Mephitic Cloud        Conj/Pois/Air  ###.....     6%          3    ###....
b - Searing Ray           Conj           ###...       3%          2    ##.....
c - Call Imp              Summ           ###.....     3%          2    ##.....
d - Blink                 Tloc           N/A          14%         2    ##.....
e - Ignite Poison         Fire/Tmut/Pois ##......     17%         3    ###....

Your spell library contained the following spells:

 Spells                   Type           Power        Failure   Level  Hunger
 Magic Dart               Conj           ###.         2%          1    None
 Shock                    Conj/Air       ###.         2%          1    None
 Swiftness                Chrm/Air       ##......     7%          2    ##.....
 Static Discharge         Conj/Air       ###.....     7%          3    ###....
 Slow                     Hex            #.......     14%         2    ##.....
 Conjure Flame            Conj/Fire      ##......     14%         3    ###....
 Dazzling Flash           Conj/Hex       ##....       14%         3    ###....
 Airstrike                Air            ###.......   22%         4    ####...
 Fulminant Prism          Conj/Hex       ##........   43%         4    ####...
 Iskenderun's Mystic Bla  Conj/Tloc      ##......     43%         4    ####...
 Lightning Bolt           Conj/Air       ###.......   54%         5    ######.
 Fireball                 Conj/Fire      ##........   78%         5    ######.
 Starburst                Conj/Fire      ##........   100%        6    #######
 Ring of Flames           Chrm/Fire      #.........   100%        7    #######
 Ignition                 Fire           #.........   100%        8    #######


Dungeon Overview and Level Annotations

Branches:
Dungeon (11/15)            Temple (1/1) D:6            Lair (0/6) D:8
Gauntlet (1/1)
    Orc: D:9-12

Altars:
Ashenzari
Cheibriados
Dithmenos
Fedhas
Gozag
Hepliaklqana
Kikubaaqudgha
Makhleb
Nemelex Xobeh
Okawaru
Qazlal
Sif Muna
Trog
Vehumet
Wu Jian
Xom
Zin
The Shining One

Shops:
D:7 !

Annotations:
D:4 Pikel
D:7 Maggie Gauntlet 8 transporters, 2 runed translucent doors


Innate Abilities, Weirdness & Mutations

You cannot wear most types of armour.
You are very stealthy in the water. (Stealth+)
You are amphibious.
You can wear up to eight rings at the same time.
You can use your tentacles to constrict eight enemies at once.
Your skin changes colour to match your surroundings (Stealth+).
Your rubbery body absorbs attacks. (AC +1, EV +1)
One of your tentacles bears a spike.
You passively map a small area around you.
You are covered in fur. (AC +1)


Message History

Casting: Mephitic Cloud (dangerous; 6% risk of failure)
Confirm with . or Enter, or press ? or * to list all spells.
Aiming: Mephitic Cloud (dangerous; 6% risk of failure)
Press: ? - help, Shift-Dir - straight line, f - minotaur
Aim: a minotaur, wielding the +8 halberd of Exquisite Death {drain, *Corrode rN+ Int+4}, wearing a +0 chain mail and quivering 12 javelins (noxious fumes, confused)
You miscast Mephitic Cloud.
Nothing appears to happen.
The minotaur is engulfed in noxious fumes.
Casting: Mephitic Cloud (dangerous; 6% risk of failure)
Confirm with . or Enter, or press ? or * to list all spells.
Aiming: Mephitic Cloud (dangerous; 6% risk of failure)
Press: ? - help, Shift-Dir - straight line, f/p - minotaur
Aim: a minotaur, wielding the +8 halberd of Exquisite Death {drain, *Corrode rN+ Int+4}, wearing a +0 chain mail and quivering 12 javelins (lightly wounded, confused)
The ball explodes into a vile cloud!
The stinking cloud engulfs the minotaur but does no damage.
The minotaur is lightly wounded.
The minotaur is engulfed in noxious fumes.
The minotaur seems less confused.
The minotaur hits you from afar with the +8 halberd of Exquisite Death {drain, *Corrode rN+ Int+4}!!
You die...
Xom chuckles heartily!

#...#...≈# ...©#.8.##
#...#...≈# .#..#...##
..#.#...≈# ...##...##
#####...≈#
........###########
.....8.####.##..@.#
.......≈##..##.##.#
####...##......##H#
.###...#....##.##(#
.###...#.8©.##....#,* ≈
#?##...#....##.##(#,*
#?©#.8.#.8©....##°'...∩≈#
+[##...#....##.##.#.#.≈≈#
.###...#.8©.##....#.# ≈#


You could see a minotaur.

Vanquished Creatures
  A dire elephant (Gauntlet)
  A hydra (D:11)
  2 two-headed ogres
  An ugly thing (D:7)
  2 elephants (Gauntlet)
  A moth of wrath (Gauntlet)
  Joseph (D:7)
  The ghost of kelmiir the Insei, an amateur GnMo of Ashenzari (D:4)
  The ghost of PirateVox the Slasher, an amateur GnBe of Trog (D:4)
  Grinder (D:4)
  3 trolls
  A polar bear (D:9)
  4 hippogriffs
  3 redbacks (Gauntlet)
  6 yaks (D:11)
  A golden eye (Abyss:1)
  A hungry ghost (D:11)
  Menkaure (D:4)
  A steam dragon (D:6)
  A slave (D:4)
  A sky beast (D:7)
  A black bear (D:10)
  5 ice beasts
  2 orc warriors
  A necrophage (D:6)
  A wolf (D:9)
  3 centaurs
  6 ogres
  2 big kobolds
  4 bullfrogs
  A gnoll sergeant (D:9)
  A water moccasin skeleton (D:11)
  A scorpion (D:9)
  6 killer bees (D:10)
  6 wights
  An electric eel (D:9)
  2 crimson imps
  A bullfrog zombie (D:5)
  3 jellies
  A centaur zombie (D:8)
  6 orc priests
  A hound (D:8)
  6 orc wizards
  2 bullfrog skeletons
  6 worker ants
  A centaur simulacrum (D:9)
  A hound skeleton (D:6)
  A howler monkey zombie (D:7)
  4 gnolls (D:9)
  8 adders
  3 white imps (D:9)
  A worker ant simulacrum (D:9)
  An ufetubus (D:9)
  An adder zombie (D:7)
  An adder skeleton (D:9)
  2 worms
  2 dart slugs
  An adder simulacrum (D:9)
  3 leopard geckos
  34 orcs
  4 bats
  4 giant cockroaches
  4 hobgoblins
  10 jackals
  20 kobolds
  2 quokkas
  A ball python (D:5)
  2 frilled lizards (D:1)
  2 goblins (D:1)
  6 rats
223 creatures vanquished.

Vanquished Creatures (collateral kills)
  A large abomination (Abyss:2)
  Blork the orc (D:4)
  A wight (D:6)
  An orc (D:6)
4 creatures vanquished.

Vanquished Creatures (others)
  A small abomination (Abyss:1)
  2 wights (D:6)
  A hound (D:6)
  A frilled lizard (D:3)
  2 starspawn tentacles (Abyss:1)
7 creatures vanquished.

Grand Total: 234 creatures vanquished

Notes
Turn   | Place    | Note
-------+----------+-------------------------------------------
     0 | D:1      | Maedhros the Octopode Artificer began the quest for the
                  | Orb.
     0 | D:1      | Reached XP level 1. HP: 13/13 MP: 3/3
   198 | D:1      | Reached XP level 2. HP: 18/18 MP: 4/4
   264 | D:2      | Found a stormy altar of Qazlal.
   286 | D:2      | Found a shimmering altar of Xom.
   315 | D:2      | Reached XP level 3. HP: 23/23 MP: 5/5
   346 | D:3      | Reached skill level 1 in Unarmed Combat
   384 | D:4      | Noticed Menkaure
   386 | D:5      | Entered Level 5 of the Dungeon
   564 | D:6      | Noticed an ogre
   581 | D:6      | Killed an ogre
   581 | D:6      | Reached skill level 2 in Unarmed Combat
   581 | D:6      | Reached XP level 4. HP: 28/28 MP: 6/6
   581 | D:6      | Reached XP level 5. HP: 33/33 MP: 7/7
   629 | D:6      | Reached skill level 3 in Unarmed Combat
   666 | D:6      | Noticed an ogre
   672 | D:6      | Found a staircase to the Ecumenical Temple.
   683 | Temple   | Entered the Ecumenical Temple
   789 | D:6      | Killed an ogre
   789 | D:6      | Reached XP level 6. HP: 38/38 MP: 8/8
   829 | D:7      | Noticed a steam dragon
   868 | D:6      | Reached skill level 4 in Unarmed Combat
   873 | D:6      | Killed a steam dragon
   873 | D:6      | Reached skill level 5 in Dodging
   873 | D:6      | Reached XP level 7. HP: 32/43 MP: 9/9
   894 | D:6      | Cast into level 1 of the Abyss (wight)
   932 | Abyss:1  | Found a stormy altar of Qazlal.
   984 | Abyss:1  | Noticed a wretched star
   994 | Abyss:1  | Noticed a wretched star
  1016 | Abyss:1  | Noticed a small abomination
  1038 | Abyss:1  | Noticed a phantasmal warrior
  1041 | Abyss:1  | Noticed a tentacled starspawn
  1090 | Abyss:1  | Noticed a golden eye
  1129 | Abyss:1  | Killed a golden eye
  1129 | Abyss:1  | Reached skill level 5 in Unarmed Combat
  1146 | Abyss:1  | Noticed a chaos spawn
  1149 | Abyss:1  | Noticed a wretched star
  1191 | Abyss:2  | Noticed a smoke demon
  1198 | Abyss:2  | Noticed a death knight
  1211 | Abyss:2  | Noticed a small abomination
  1231 | Abyss:2  | Noticed a large abomination
  1236 | Abyss:2  | Noticed a large abomination
  1239 | Abyss:2  | Killed a large abomination
  1243 | D:6      | Escaped the Abyss
  1422 | D:7      | Noticed Joseph
  1483 | D:7      | Killed Joseph
  1483 | D:7      | Reached skill level 6 in Unarmed Combat
  1483 | D:7      | Reached XP level 8. HP: 48/50 MP: 10/10
  1534 | D:7      | Found Odwen Caawn's Distillery.
  1553 | D:7      | Bought a potion of might for 56 gold pieces
  1636 | D:8      | Found a staircase to the Lair.
  1693 | D:8      | Noticed a rust devil
  1697 | D:8      | Noticed an orange demon
  1698 | D:8      | Found an ancient bone altar of Kikubaaqudgha.
  1759 | D:8      | Noticed a two-headed ogre
  1775 | D:9      | Reached skill level 7 in Unarmed Combat
  1783 | D:9      | Noticed a troll
  1972 | D:8      | Noticed a hippogriff
  2014 | D:7      | Reached XP level 9. HP: 55/57 MP: 11/11
  2046 | D:7      | Noticed a brown ugly thing
  2064 | D:7      | Killed a brown ugly thing
  2064 | D:7      | Reached skill level 8 in Unarmed Combat
  2106 | D:7      | Noticed Maggie
  2408 | D:4      | Noticed Pikel
  2564 | D:3      | Found a shimmering blue altar of Sif Muna.
  2759 | D:2      | Became a worshipper of Xom of Chaos
  2764 | D:2      | Learned a level 3 spell: Mephitic Cloud
  2773 | D:2      | Learned a level 2 spell: Searing Ray
  2777 | D:2      | Learned a level 2 spell: Call Imp
  2855 | D:3      | Found a snail-covered altar of Cheibriados.
  2863 | D:3      | Fell from the grace of Xom
  2863 | D:3      | Became a worshipper of Cheibriados the Contemplative
  3157 | D:2      | Found a glowing golden altar of the Shining One.
  3197 | D:3      | Found a radiant altar of Vehumet.
  3308 | D:4      | Killed Menkaure
  3348 | D:4      | Got a coiled emerald amulet
  3350 | D:4      | Found a shadowy altar of Dithmenos.
  3353 | D:4      | Noticed Grinder
  3357 | D:4      | Noticed Blork the orc
  3366 | D:4      | Killed Blork the orc
  3377 | D:4      | Killed Grinder
  3377 | D:4      | Reached skill level 9 in Unarmed Combat
  3406 | D:4      | Found a runed translucent gate.
  3406 | D:4      | Found a runed translucent gate.
  3406 | D:4      | Found a runed translucent gate.
  3410 | D:4      | Noticed PirateVox's ghost (amateur GnBe)
  3410 | D:4      | Noticed kelmiir's ghost (amateur GnMo)
  3428 | D:4      | Killed PirateVox's ghost
  3428 | D:4      | Reached skill level 5 in Fighting
  3437 | D:4      | Killed kelmiir's ghost
  3437 | D:4      | Reached * piety under Cheibriados
  3437 | D:4      | Reached XP level 10. HP: 19/66 MP: 12/12
  3865 | D:8      | Killed a two-headed ogre
  3865 | D:8      | Reached skill level 1 in Spellcasting
  3865 | D:8      | Reached skill level 1 in Conjurations
  3865 | D:8      | Reached skill level 1 in Summonings
  3865 | D:8      | Reached skill level 1 in Air Magic
  3865 | D:8      | Reached skill level 1 in Poison Magic
  3931 | D:8      | Found a shattered altar of Ashenzari.
  4009 | D:8      | Reached ** piety under Cheibriados
  4026 | D:8      | Identified the amulet "Narufish" {Acrobat MP+9 Int+3} (You
                  | found it on level 4 of the Dungeon)
  4103 | D:9      | XOM: 2-stop teleportation journey
  4111 | D:9      | Reached skill level 10 in Unarmed Combat
  4321 | D:9      | Reached *** piety under Cheibriados
  4416 | D:9      | XOM: give mutation
  4416 | D:9      | Gained mutation: You are covered in fur. (AC +1) [Xom's
                  | mischief]
  4490 | D:9      | Reached XP level 11. HP: 55/74 MP: 11/14
  4512 | D:10     | Entered Level 10 of the Dungeon
  4724 | D:11     | Noticed a five-headed hydra
  4732 | D:11     | Reached **** piety under Cheibriados
  4738 | D:11     | Noticed a two-headed ogre
  4741 | D:11     | Killed a five-headed hydra
  4750 | D:11     | Noticed a cyclops
  4751 | D:11     | Killed a two-headed ogre
  4758 | D:11     | Gained mutation: One of your tentacles bears a spike.
                  | [potion of mutation]
  4758 | D:11     | Gained mutation: You passively map a small area around you.
                  | [potion of mutation]
  4768 | D:11     | Found a gate leading to a gauntlet.
  4782 | Gauntlet | Entered a Gauntlet
  4782 | Gauntlet | Found a transporter.
  4791 | Gauntlet | Found a transporter.
  4792 | Gauntlet | Found a transporter.
  4793 | Gauntlet | Found a transporter.
  4795 | Gauntlet | Noticed a moth of wrath
  4796 | Gauntlet | Found a transporter.
  4800 | Gauntlet | Found a transporter.
  4800 | Gauntlet | Noticed a death scarab
  4801 | Gauntlet | Found a runed translucent door.
  4803 | Gauntlet | Found a runed translucent door.
  4805 | Gauntlet | Found a transporter.
  4805 | Gauntlet | Noticed a dire elephant
  4806 | Gauntlet | Found a transporter.
  4816 | Gauntlet | Noticed a death scarab
  4826 | Gauntlet | Found a transporter.
  4847 | Gauntlet | Found a transporter.
  4851 | Gauntlet | Found a transporter.
  4852 | Gauntlet | Noticed a dire elephant
  4860 | Gauntlet | Found a transporter.
  4895 | Gauntlet | Learned a level 2 spell: Blink
  4899 | Gauntlet | Reached skill level 1 in Invocations
  4900 | Gauntlet | Killed a moth of wrath
  4951 | Gauntlet | Killed a dire elephant
  4951 | Gauntlet | Reached skill level 5 in Invocations
  4974 | Gauntlet | Got a translucent gossamer ring
  4975 | Gauntlet | Identified the ring "Urrus" {rPois AC+4 Stlth+} (You found
                  | it in a Gauntlet)
  4995 | Gauntlet | Learned a level 3 spell: Ignite Poison
  5037 | Gauntlet | Identified the +8 halberd of Exquisite Death {drain,
                  | *Corrode rN+ Int+4}
  5037 | Gauntlet | Noticed a minotaur
  5088 | Gauntlet | Annihilated by a minotaur

Illustrated notes

Levels and vault maps discovered:
D:1:      roderic_crop_circles_arrival_small, layout_loops_ring
D:2:      layout_loops_ring, yredelemnul_altar_generic,
          overflow_temple_1_default, nicolae_overflow_hidden_temple,
          grunt_qazlal_sundering
D:3:      layout_basic, lemuel_blue_sif_altar, lemuel_round_altar,
          fiery_altar_vehumet
D:4:      layout_basic, nicolae_dithmenos_through_a_glass_darkly,
          gammafunk_ghost_cemetery, first_ration, uniq_menkaure,
          uniq_blork_the_orc, uniq_grinder, uniq_pikel
D:5:      layout_cave_pools, minmay_misc_feat_room, guppyfry_early_orc_mine
D:6:      wander_river, layout_gridville, minmay_temple_entry_statues_pillars
D:7:      layout_basic, serial_shops, nicolae_shop_competitors_out_of_business,
          the_bakery, uniq_maggie, uniq_joseph
D:8:      layout_basic, old_standard_altar,
          chequers_temple_overflow_statue_of_worship, lair_entry_dummy,
          hangedman_decor_opposing, lemuel_hellish_altar
D:9:      layout_loops_ring, erik_orc_2, serial_ice, serial_ice_c, serial_ice_g,
          serial_ice_n, serial_ice_i
D:10:     layout_roguey, minmay_misc_feat_encased, nicolae_ru_awakened_eye
D:11:     layout_gridville, gauntlet_entry_generic, uniq_erica
Temple:   compressed_dpeg_circular_temple
Gauntlet: minmay_gauntlet_mixed_oops_all_seconds
          [minmay_gauntlet_arena_77_braids, nicolae_gauntlet_arena_t_cross,
          minmay_gauntlet_arena_77_checkered, nicolae_gauntlet_arena_grate_2,
          minmay_gauntlet_arena_77_cramped, nicolae_gauntlet_arena_x,
          gauntlet_exit_watery]

Skill      XL: |  1  2  3  4  5  6  7  8  9 10 11 |
---------------+----------------------------------+-----
Stealth        | 3 4 |  4.0
Unarmed Combat | 2 3 4 6 7 9 10 | 10.0
Dodging        | 3 4 5 6 8 9 |  9.6
Fighting       | 2 3 5 6 7 |  7.5
Spellcasting   | 2 3 |  3.0
Conjurations   | 2 3 |  3.3
Summonings     | 2 3 |  3.4
Air Magic      | 2 3 |  3.4
Poison Magic   | 2 3 |  3.9
Invocations    | 6 |  6.0
Short Blades   | |  1.0
Evocations     | |  3.2

Action                   |  1- 3 |  4- 6 |  7- 9 | 10-12 || total
-------------------------+-------+-------+-------+-------++-------
Melee: Short sword       |    60 |    11 |       |       ||    71
       Constrict         |    21 |     4 |    38 |    47 ||   110
       Tentacles         |    13 |     2 |    53 |    84 ||   152
       Punch             |     1 |     1 |    17 |    41 ||    60
       Unarmed           |       |     5 |   211 |   250 ||   466
       Kick              |       |       |       |    16 ||    16
 Fire: Hunting sling     |       |       |     4 |     3 ||     7
Throw: Dart              |       |       |       |    22 ||    22
 Cast: Mephitic Cloud    |       |       |       |    14 ||    14
       Blink             |       |       |       |     2 ||     2
       Call Imp          |       |       |       |     2 ||     2
Invok: Slouch            |       |       |       |     1 ||     1
Evoke: Wand              |     4 |    14 |    24 |     6 ||    48
       Box of beasts     |       |       |     1 |     1 ||     2
  Use: Scroll            |     8 |       |     4 |     3 ||    15
       Potion            |       |     1 |     7 |    10 ||    18
 Stab: Sleeping          |     5 |       |    10 |     6 ||    21
       Distracted        |       |     1 |       |     1 ||     2
       Paralysed         |       |       |     7 |       ||     7
       Betrayed ally     |       |       |     1 |       ||     1
       Confused          |       |       |       |     5 ||     5
  Eat: Chunk             |       |       |     8 |     3 ||    11
       Ration            |       |       |       |     1 ||     1
Armor: Skin              |     5 |    11 |    23 |    25 ||    64
Dodge: Dodged            |    35 |    10 |    96 |   246 ||   387

Table legend:
 A = Non-vault XP
 B = Vault XP
 C = Vault XP percentage of total XP
 D = Non-vault monster count
 E = Vault monster count
 F = Vault count percentage of total count
                 A         B        C        D         E       F
            +---------+---------+-------+---------+---------+-------
      Total |   11579 |    5637 |  32.7 |     197 |      30 |  13.2
            +---------+---------+-------+---------+---------+-------
        D:1 |      25 |       0 |   0.0 |      15 |       0 |   0.0
        D:2 |      51 |       0 |   0.0 |       8 |       0 |   0.0
        D:3 |      67 |       0 |   0.0 |      22 |       0 |   0.0
        D:4 |     220 |    1082 |  83.1 |       5 |       5 |  50.0
        D:5 |      98 |     215 |  68.7 |       7 |       7 |  50.0
        D:6 |    1218 |       0 |   0.0 |      26 |       0 |   0.0
        D:7 |     942 |     419 |  30.8 |      15 |       1 |   6.2
        D:8 |    2108 |       0 |   0.0 |      23 |       0 |   0.0
        D:9 |    2075 |     599 |  22.4 |      30 |      10 |  25.0
       D:10 |    1112 |       0 |   0.0 |      16 |       0 |   0.0
       D:11 |    3328 |       0 |   0.0 |      27 |       0 |   0.0
    Abyss:1 |     223 |       0 |   0.0 |       2 |       0 |   0.0
    Abyss:2 |     112 |       0 |   0.0 |       1 |       0 |   0.0
   Gauntlet |       0 |    3322 | 100.0 |       0 |       7 | 100.0
            +---------+---------+-------+---------+---------+-------
